 Dungeon Crawl Stone Soup version 0.32-a0-898-g7811c86cf0 (webtiles) character file.

Game seed: 13571456700952588200

6669 Biggs the Skirmisher (level 11, -18/80 HPs)
             Began as a Coglin Hunter on Apr 5, 2024.
             Was a High Priest of Okawaru.
             Demolished by a komodo dragon (25 damage)
             ... on level 1 of the Lair of Beasts.
             The game lasted 00:15:40 (9264 turns).

Biggs the Skirmisher (Coglin Hunter)                Turns: 9264, Time: 00:15:41

Health: -18/80     AC:  9    Str: 11    XL:     11   Next: 3%
Magic:  11/11      EV: 13    Int: 10    God:    Okawaru [*****.]
Gold:   227        SH:  0    Dex: 21    Spells: 10/10 levels left

rFire   . . .        a - +2 sling {Noor}
rCold   . . .        d - +0 sling {Ichio}
rNeg    . . .        D - +2 leather armour {rPois}
rPois   +            m - +0 helmet
rElec   .            q - +2 cloak
rCorr   .            (no gloves)
SInv    .            (no boots)
Will    .....        (amulet unavailable)
Stlth   ++           (ring unavailable)
HPRegen 0.33/turn    (ring unavailable)
MPRegen 0.12/turn    (no gizmo)

%: no passive effects
@: revved
A: off-hand wielding, slow wielding, warmup strikes, no jewellery
a: Invent Gizmo, Renounce Religion, Heroism, Finesse, Duel


You were on level 1 of the Lair of Beasts.
You worshipped Okawaru.
Okawaru was extremely pleased with you.
You visited 2 branches of the dungeon, and saw 11 of its levels.

You collected 469 gold pieces.
You spent 242 gold pieces at shops.

Inventory:

Hand Weapons
 a - a +2 sling (weapon) {Noor}
 d - a +0 sling (offhand) {Ichio}
Missiles
 y - 2 throwing nets
Armour
 m - a +0 helmet (worn)
 q - a +2 cloak (worn)
 D - a +2 leather armour of poison resistance (worn)
Wands
 l - a wand of warping (5)
 z - a wand of flame (22)
Scrolls
 b - a scroll of butterflies
 i - 3 scrolls of noise
 k - a scroll of silence {unknown}
 o - a scroll of blinking
 p - 3 scrolls of revelation
 s - 3 scrolls of teleportation
 t - a scroll of enchant weapon {unknown}
 u - 3 scrolls of poison
 w - a scroll of vulnerability
 x - a scroll of fog {unknown}
Potions
 c - a potion of berserk rage {unknown}
 e - a potion of ambrosia {unknown}
 f - 3 potions of enlightenment {unknown}
 g - 2 potions of degeneration {unknown}
 h - a potion of invisibility {unknown}
 j - 12 potions of curing
 n - 3 potions of mutation {unknown}
 r - 3 potions of haste
 v - 2 potions of brilliance {unknown}
 A - 2 potions of heal wounds {unknown}
 B - a potion of resistance {unknown}
 C - a potion of might {unknown}


   Skills:
 + Level 5.4 Fighting
 - Level 14.0 Ranged Weapons
 - Level 4.7 Dodging
 - Level 0.7 Stealth


You had 10 spell levels left.
You didn't know any spells.
Your spell library contained the following spells:

 Spells                   Type           Power      Damage    Failure   Level
 Necrotise                Necr           0%         1d4       45%         1
 Cigotuvi's Dreadful Rot  Necr/Alch/Air  0%         N/A       58%         2
 Ensorcelled Hibernation  Hex/Ice        0%         N/A       58%         2
 Dazzling Flash           Conj/Hex       0%         N/A       83%         3
 Passwall                 Erth           0%         N/A       83%         3
 Swiftness                Air            0%         N/A       83%         3
 Vampiric Draining        Necr           0%         2d6       83%         3
 Anguish                  Hex/Necr       0%         N/A       99%         4
 Cause Fear               Hex            0%         N/A       99%         4
 Ignite Poison            Fire/Alch      0%         N/A       99%         4
 Curse of Agony           Necr           0%         N/A       100%        5
 Freezing Cloud           Conj/Ice/Air   0%         6-21      100%        5
 Starburst                Conj/Fire      0%         6d3       100%        6
 Enfeeble                 Hex            0%         N/A       100%        7
 Maxwell's Capacitive Co  Air            0%         ∞         100%        8
 Chain Lightning          Conj/Air       0%         N/A       100%        9
 Fire Storm               Conj/Fire      0%         5d1       100%        9
 Shatter                  Erth           0%         3d5*      100%        9
 Martyr's Knell           Necr/Summ      Unusable   N/A       N/A         4

Dungeon Overview and Level Annotations

Branches:
Dungeon (10/15)            Temple (0/1) D:7            Lair (1/5) D:8
    Orc: D:9-12

Altars:
Dithmenos
Elyvilon
Hepliaklqana
Makhleb
Okawaru
Qazlal
Vehumet

Shops:
D:9 !   D:10 :

Annotations:
D:7 1 runed translucent door, Fractals's ghost, novice GnWn
D:10 1 runed translucent door, Zeldest's ghost, journeyman CoCK


Innate Abilities, Weirdness & Mutations

You can wield a second weapon in your off-hand.
It takes a long time for you to wield or remove held weapons.
Your first few attacks do less damage.
You cannot equip rings or amulets.


Message History

The sling bullet closely misses the komodo dragon.
Unknown command.
You shoot a sling bullet.
The sling bullet hits the komodo dragon.
The komodo dragon is almost dead.
You shoot a sling bullet.
The sling bullet closely misses the komodo dragon.
The komodo dragon bites you!
* * * LOW HITPOINT WARNING * * *
Unknown command.
You shoot a sling bullet.
The sling bullet hits the komodo dragon but does no damage.
The komodo dragon is almost dead.
You shoot a sling bullet.
The sling bullet barely misses the komodo dragon.
The komodo dragon completely misses you.
Unknown command.
You shoot a sling bullet.
The sling bullet hits the komodo dragon but does no damage.
The komodo dragon is almost dead.
You shoot a sling bullet.
The sling bullet hits the komodo dragon.
The komodo dragon is almost dead.
The komodo dragon bites you!
* * * LOW HITPOINT WARNING * * *
Unknown command.
You shoot a sling bullet.
The sling bullet barely misses the komodo dragon.
You shoot a sling bullet.
The sling bullet hits the komodo dragon but does no damage.
The komodo dragon is almost dead.
Unknown command.
You shoot a sling bullet.
The sling bullet hits the komodo dragon but does no damage.
The komodo dragon is almost dead.
You shoot a sling bullet.
The sling bullet hits the komodo dragon but does no damage.
The komodo dragon is almost dead.
The komodo dragon bites you!!
You die...

...# .# #..#
.## #..# ...#
## ...+....#
####.##..#...
...........
.........#
..^.†.l@.#
###.##+###


You could see a komodo dragon.

Vanquished Creatures
  A two-headed ogre (D:10)
  A komodo dragon (Lair:1)
  A hornet (D:8)
  Grum (D:9)
  2 yaks (D:9)
  A wraith (D:10)
  A warg (D:8)
  2 water moccasins
  2 orc warriors (D:6)
  An ogre (D:4)
  2 black bears
  6 ice beasts
  2 sky beasts
  4 centaurs
  6 wolves
  4 kobold brigands
  A bullfrog (Lair:1)
  2 gnoll sergeants
  5 scorpions
  5 wights (D:7)
  5 howler monkeys
  2 bombardier beetles
  5 gnoll boudas
  2 jellies
  9 orc priests
  A hound (D:7)
  3 sleepcaps
  2 iguanas
  12 orc wizards
  Robin (D:2)
  23 gnolls
  7 adders
  A shadow imp (D:7)
  2 white imps
  4 ufetubi
  A dart slug (D:4)
  2 ribbon worms
  31 orcs
  4 ball pythons
  10 bats
  7 endoplasms
  5 giant cockroaches
  16 goblins
  10 hobgoblins
  5 jackals
  4 quokkas
  6 frilled lizards
  28 kobolds
  4 rats
262 creatures vanquished.

Notes
Turn   | Place    | Note
-------+----------+-------------------------------------------
     0 | D:1      | Biggs the Coglin Hunter began the quest for the Orb.
     0 | D:1      | Reached XP level 1. HP: 16/16 MP: 1/1
   178 | D:1      | Reached skill level 4 in Ranged Weapons
   178 | D:1      | Reached XP level 2. HP: 22/22 MP: 2/2
   473 | D:2      | Reached XP level 3. HP: 27/27 MP: 3/3
   602 | D:2      | Noticed Robin
   605 | D:2      | Killed Robin
   606 | D:2      | Reached skill level 5 in Ranged Weapons
   606 | D:2      | Reached XP level 4. HP: 32/33 MP: 4/4
  1106 | D:3      | Reached XP level 5. HP: 6/38 MP: 5/5
  1491 | D:3      | Reached skill level 6 in Ranged Weapons
  1552 | D:3      | Found a shadowy altar of Dithmenos.
  1553 | D:3      | Found a hazy altar of Hepliaklqana.
  1559 | D:3      | Found a burning altar of Makhleb.
  1925 | D:4      | Noticed an ogre
  1932 | D:4      | Killed an ogre
  1933 | D:4      | Reached XP level 6. HP: 28/44 MP: 6/6
  1998 | D:4      | Found an iron altar of Okawaru.
  2032 | D:4      | Became a worshipper of Warmaster Okawaru
  2280 | D:4      | Found a stormy altar of Qazlal.
  2665 | D:5      | Entered Level 5 of the Dungeon
  2692 | D:5      | Reached skill level 7 in Ranged Weapons
  2772 | D:5      | Noticed an ice beast
  2779 | D:5      | Killed an ice beast
  2780 | D:5      | Reached XP level 7. HP: 50/50 MP: 7/7
  2923 | D:5      | Reached * piety under Okawaru
  2924 | D:5      | Reached skill level 8 in Ranged Weapons
  3098 | D:5      | Reached XP level 8. HP: 48/56 MP: 8/8
  3146 | D:5      | Reached skill level 9 in Ranged Weapons
  3380 | D:6      | Reached ** piety under Okawaru
  3610 | D:6      | Reached skill level 5 in Fighting
  4010 | D:6      | Reached XP level 9. HP: 57/68 MP: 9/9
  4520 | D:6      | Reached *** piety under Okawaru
  5083 | D:6      | Reached skill level 10 in Ranged Weapons
  5225 | D:7      | Found a staircase to the Ecumenical Temple.
  5576 | D:7      | Reached **** piety under Okawaru
  5577 | D:7      | Reached skill level 11 in Ranged Weapons
  5643 | D:7      | Found a runed translucent door.
  5643 | D:7      | Noticed Fractals's ghost (novice GnWn)
  5965 | D:8      | Noticed a hornet
  6143 | D:8      | Killed a hornet
  6144 | D:8      | Reached XP level 10. HP: 74/74 MP: 10/10
  6211 | D:8      | Reached skill level 12 in Ranged Weapons
  6471 | D:8      | Found a staircase to the Lair.
  7144 | D:8      | Found a white marble altar of Elyvilon.
  7153 | D:8      | Found a radiant altar of Vehumet.
  7307 | D:9      | Found Lengyu's Distillery.
  7320 | D:9      | Bought 2 potions of curing for 66 gold pieces
  7320 | D:9      | Bought a potion of haste for 110 gold pieces
  7320 | D:9      | Bought a potion of curing for 33 gold pieces
  7320 | D:9      | Bought a potion of curing for 33 gold pieces
  7382 | D:9      | Noticed Grum
  7725 | D:9      | Killed Grum
  8017 | D:9      | Reached skill level 13 in Ranged Weapons
  8023 | D:9      | Reached ***** piety under Okawaru
  8607 | D:10     | Entered Level 10 of the Dungeon
  8613 | D:10     | Noticed a two-headed ogre
  8626 | D:10     | Killed a two-headed ogre
  8871 | D:10     | Found a runed translucent door.
  8877 | D:10     | Noticed Zeldest's ghost (journeyman CoCK)
  8879 | D:10     | Identified the +1 spear of Untimely Demise {flame, rF+
                  | rCorr}
  9055 | D:10     | Found Qib Roh's Book Emporium.
  9066 | D:10     | Noticed a gargoyle
  9231 | Lair:1   | Entered Level 1 of the Lair of Beasts
  9245 | Lair:1   | Received a gift from Okawaru
  9246 | Lair:1   | Reached skill level 14 in Ranged Weapons
  9246 | Lair:1   | Reached XP level 11. HP: 80/80 MP: 11/11
  9264 | Lair:1   | Demolished by a komodo dragon

Illustrated notes

Levels and vault maps discovered:
D:1:      roderic_crop_circles_arrival_small, layout_rooms,
          amcnicky_mini_rare_corridor_liquid
D:2:      layout_rooms, kennysheep_cross_room, kennysheep_generic_room_3,
          uniq_robin
D:3:      layout_basic, minitemple
D:4:      layout_loops_ring, okawaru_trees_1, kennysheep_mini
D:5:      layout_rooms
D:6:      layout_basic
D:7:      layout_cave_pools, minmay_temple_entry_waves,
          hellmonk_ghost_happy_afterlife, hangedman_abyss_or_decor_lesser_grid,
          eino_tiny_chamber
D:8:      black_bear_nest_1, layout_loops_ring, mainiacjoe_overflow_swirl,
          erik_lair_orcish_takeover
D:9:      layout_cave_pools, serial_gnoll_camp, gnoll_camp_mini_hut,
          gnoll_camp_mini_hut, gnoll_camp_mini_house, gnoll_camp_mini_shop,
          gnoll_camp_mini_basic, uniq_grum
D:10:     layout_roguey, nicolae_wu_jian_wuxing_cycle,
          ebering_ghost_funeral_grove, serial_shops, nicolae_book_shop_shelving,
          hex_medium
Lair:1:   layout_chaotic_city

Skill      XL: |  1  2  3  4  5  6  7  8  9 10 |
---------------+-------------------------------+-----
Ranged Weapons | 4 5 6 7 8 9 11 14 | 14.0
Fighting       | 5 |  5.4
Dodging        | 4 |  4.7
Stealth        | |  0.7

Action                     |  1- 3 |  4- 6 |  7- 9 | 10-12 || total
---------------------------+-------+-------+-------+-------++-------
  Melee: Sling             |       |     8 |     6 |       ||    14
   Fire: Sling             |   168 |   258 |   798 |   724 ||  1948
    Use: Scroll            |       |     1 |    12 |     2 ||    15
 Armour: Leather armour    |     8 |    33 |   101 |    85 ||   227
  Dodge: Dodged            |    10 |    24 |   103 |   111 ||   248

Table legend: (Time is in decaauts)
 A = Elapsed time spent in this place.
 B = Non-inter-level travel time spent in this place.
 C = Inter-level travel time spent in this place.
 D = Time resting spent in this place.
 E = Time spent auto-exploring this place.
 F = Levels seen in this place.
 G = Mean time per level.
                   A        B        C        D        E       F      G
               +--------+--------+--------+--------+--------+-----+--------+
         Total |   9232 |   8891 |    341 |    962 |   6370 |  11 |  839.3 |
       Dungeon |   9207 |   8866 |    341 |    962 |   6370 |  10 |  920.7 |
          Lair |     24 |     24 |      0 |      0 |      0 |   1 |   24.0 |
               +--------+--------+--------+--------+--------+-----+--------+

Top non-repeatable levels by time:
     D:6: 1813 daAuts
     D:8: 1524 daAuts
     D:9: 1068 daAuts
     D:3: 851 daAuts
     D:4: 849 daAuts
     D:7: 810 daAuts
     D:5: 695 daAuts
    D:10: 594 daAuts
     D:2: 535 daAuts
     D:1: 465 daAuts
  Lair:1: 24 daAuts
